 Dungeon Crawl Stone Soup version 0.31-a0-1019-g3dd9dd1025 (webtiles) character file.

Game seed: 8906925847960636273

111 Azuregosa the Covert (level 4, -2/31 HPs)
             Began as an Octopode Delver on Nov 17, 2023.
             Was an Initiate of Dithmenos.
             Slain by an adder (4 damage)
             ... on level 4 of the Dungeon.
             The game lasted 00:03:33 (362 turns).

Azuregosa the Covert (Octopode Delver)               Turns: 362, Time: 00:03:33

Health: -2/31      AC:  1    Str: 13    XL:     4   Next: 92%
Magic:  4/4        EV: 13    Int: 12    God:    Dithmenos [......]
Gold:   12         SH:  0    Dex: 13    Spells: 3/3 levels left

rFire   . . .        a - +0 short sword
rCold   . . .        (no shield)
rNeg    . . .        (helmet restricted)
rPois   .            (no amulet)
rElec   .            (no ring)
rCorr   .            (no ring)
SInv    .            (no ring)
Will    .....        (no ring)
Stlth   +++++        (no ring)
HPRegen 0.25/turn    (no ring)
MPRegen 0.09/turn    (no ring)
                     (no ring)

%: no passive effects
@: lethally poisoned (-2 -> -5)
A: almost no armour, amphibious, 8 rings, camouflage 1, gelatinous body 1,
(nimble swimmer 1), tentacles
a: Renounce Religion


You were on level 4 of the Dungeon.
You worshipped Dithmenos.
Dithmenos was noncommittal.
You visited 1 branch of the dungeon, and saw 2 of its levels.

You collected 12 gold pieces.

Inventory:

Hand Weapons
 a - a +0 short sword (weapon)
Wands
 f - a wand of digging (3)
Scrolls
 b - a scroll of fog
Potions
 e - a potion of haste


   Skills:
 + Level 3.4 Fighting
 - Level 2.0 Short Blades
 - Level 2.0 Dodging
 - Level 9.0 Stealth


You had 3 spell levels left.
You didn't know any spells.
Your spell library was empty.

Dungeon Overview and Level Annotations

Branches:
Dungeon (5/15)
 Temple: D:4-7

Altars:
Dithmenos
Hepliaklqana
The Shining One


Innate Abilities, Weirdness & Mutations

You cannot wear most types of armour.
You are amphibious.
You can wear up to eight rings at the same time.
Your skin changes colour to match your surroundings (Stealth+).
Your rubbery body absorbs attacks. (AC +1, EV +1)
((You are camouflaged when in or above water. (Stealth+)))
You have tentacles for arms and can constrict up to eight enemies at once.


Message History

You constrict the orc. The orc misses you.
You hit the orc.
You kill the orc!
Dithmenos accepts your kill.
You hit the orc. You grab the orc. You squeeze the orc.
You kill the orc!
Dithmenos accepts your kill.
A magic dart appears from out of thin air!
The magic dart hits you. Something barely misses you.
Things that are here:
a +0 dagger; a +0 leather armour; an orc corpse You closely miss something.
Your tentacle-slap misses something.
Something hits you.
You hit something but do no damage. Something hits you but does no damage.
You closely miss something. You squeeze something. Something hits you.
You miss something. Your squeeze misses something. Something hits you.
You hit something but do no damage. You closely miss something.
Something hits you.
You barely miss something. Your squeeze misses something. Something hits you.
* * * LOW HITPOINT WARNING * * *
You closely miss something. Your squeeze misses something. Something hits you.
* * * LOW HITPOINT WARNING * * *
You completely miss something. Something barely misses you.
You closely miss something.
Your tentacle-slap misses something.
Something hits you.
* * * LOW HITPOINT WARNING * * *
As you read the scroll of fear, it crumbles to dust.
You assume a fearsome visage.
The orc looks frightened!
An adder comes into view.
The adder barely misses you. The adder bites you.
* * * LOW HITPOINT WARNING * * *
You are lethally poisoned!
The adder poisons you! The adder barely misses you.
* * * LOW HITPOINT WARNING * * *
You feel sick. The adder bites you but does no damage.
* * * LOW HITPOINT WARNING * * *
You feel sick. The adder attacks as it pursues you! The adder bites you.
You die...

##.#.##...# #.#
#.....##.## #.#
#.>##.#...#######.#
#..##.#............
#..##.............. #
#..#####...........
#.##..#####.##.##..###
#...........##........
#.@# ###.###.......
##.S#####.###..###..
#.......#.#....##.#+
#...###)#.#.#...#..^
#..Z# #........##...
#...#####.##......Z5
#.....Z))...o..#....
#...#####.#.....Z...
#...# #.......##.+


You could see an adder and a goblin zombie.

Vanquished Creatures
  A scorpion (D:5)
  A hound (D:5)
  2 ufetubi (D:5)
  3 orcs (D:4)
  An endoplasm (D:4)
  A hobgoblin (D:4)
  A ball python (D:4)
  A goblin skeleton (D:4)
  4 hobgoblin zombies (D:4)
  A kobold zombie (D:4)
16 creatures vanquished.

Notes
Turn   | Place    | Note
-------+----------+-------------------------------------------
     0 | D:5      | Azuregosa the Octopode Delver began the quest for the Orb.
     0 | D:5      | Reached XP level 1. HP: 16/16 MP: 1/1
     6 | D:5      | Noticed a hound
    11 | D:5      | Noticed a scorpion
    14 | D:5      | Killed a hound
    15 | D:5      | Reached skill level 7 in Stealth
    15 | D:5      | Reached XP level 2. HP: 21/21 MP: 2/2
    15 | D:5      | Reached XP level 3. HP: 26/26 MP: 3/3
    24 | D:5      | Killed a scorpion
    25 | D:5      | Reached skill level 9 in Stealth
    25 | D:5      | Reached XP level 4. HP: 24/31 MP: 4/4
    60 | D:5      | Noticed a shadow
    61 | D:5      | Found a shadowy altar of Dithmenos.
    62 | D:5      | Found a hazy altar of Hepliaklqana.
    78 | D:5      | Became a worshipper of Dithmenos the Shadowed
   109 | D:5      | Noticed a phantom
   272 | D:4      | Found a glowing golden altar of the Shining One.
   362 | D:4      | Slain by an adder

Illustrated notes

Levels and vault maps discovered:
D:4:      layout_loops_ring, nicolae_tso_besieged_by_evil,
          minmay_misc_feat_cross
D:5:      layout_cave_pools, riverfiend_overflow_shadow_ancestor

Skill      XL: |  1  2  3 |
---------------+----------+-----
Stealth        | 7 9 |  9.0
Fighting       | |  3.4
Short Blades   | |  2.0
Dodging        | |  2.0

Action                     |  1- 3 |  4- 6 || total
---------------------------+-------+-------++-------
  Melee: Short sword       |    12 |    32 ||    44
         Tentacles         |     4 |     7 ||    11
         Constrict         |     2 |     8 ||    10
         Punch             |       |     2 ||     2
    Use: Scroll            |     1 |     1 ||     2
   Stab: Sleeping          |       |     5 ||     5
 Armour: Skin              |     4 |    25 ||    29
  Dodge: Dodged            |     9 |    18 ||    27

Table legend: (Time is in decaauts)
 A = Elapsed time spent in this place.
 B = Non-inter-level travel time spent in this place.
 C = Inter-level travel time spent in this place.
 D = Time resting spent in this place.
 E = Time spent auto-exploring this place.
 F = Levels seen in this place.
 G = Mean time per level.
                   A        B        C        D        E       F      G
               +--------+--------+--------+--------+--------+-----+--------+
         Total |    357 |    357 |      0 |     87 |     67 |   2 |  178.5 |
       Dungeon |    357 |    357 |      0 |     87 |     67 |   2 |  178.5 |
               +--------+--------+--------+--------+--------+-----+--------+

Top non-repeatable levels by time:
     D:4: 197 daAuts
     D:5: 160 daAuts
